 Dungeon Crawl Stone Soup version 0.23.0-42-geed6394 (webtiles) character file.

Game seed: 14526586130318888814

3204 HEYYEYAAE the Quickloader (level 9, -2/64 HPs)
             Began as an Octopode Hunter on Feb 28, 2019.
             Was a Priest of Okawaru.
             Slain by a killer bee (8 damage)
             ... on level 8 of the Dungeon.
             The game lasted 00:09:04 (8427 turns).

HEYYEYAAE the Quickloader (Octopode Hunter)         Turns: 8427, Time: 00:09:05

Health: -2/64      AC:  1    Str: 12    XL:     9   Next: 96%
Magic:  9/9        EV: 18    Int: 13    God:    Okawaru [***...]
Gold:   429        SH:  0    Dex: 15    Spells: 8/8 levels left

rFire    + . .     SeeInvis .   u - +4 dagger (venom)
rCold    . . .     Gourm    .   (no shield)
rNeg     . . .     Faith    .   (helmet restricted)
rPois    .         Spirit   .   (no amulet)
rElec    .         Reflect  .   v - ring of protection from fire
rCorr    .         Harm     .   (no ring)
MR       .....                  (no ring)
Stlth    +++++.....             (no ring)
HPRegen  0.20/turn              (no ring)
MPRegen  0.11/turn              (no ring)
                                (no ring)
                                (no ring)

@: berserk cooldown, slowed, very slow
A: almost no armour, stealthy swim, amphibious, 8 rings, constrict 8, camouflage
1, gelatinous body 1, MP-powered wands
a: Heroism, Renounce Religion


You were on level 8 of the Dungeon.
You worshipped Okawaru.
Okawaru was most pleased with you.
You were not hungry.

You visited 2 branches of the dungeon, and saw 9 of its levels.

You collected 429 gold pieces.

Inventory:

Hand Weapons
 a - a +1 hand crossbow
 b - a +0 short sword
 o - a +0 flail of protection
 u - a +4 dagger of venom (weapon)
Missiles
 c - 97 bolts
Jewellery
 v - a ring of protection from fire (left tentacle)
Wands
 x - a wand of flame (6)
 y - a wand of clouds (2)
Scrolls
 g - 3 scrolls of teleportation
 j - 3 scrolls of amnesia
 k - 6 scrolls of remove curse
 l - a scroll of fog
 m - 2 scrolls of enchant armour
 n - 2 scrolls of random uselessness {unknown}
 t - a scroll of noise {unknown}
 w - a scroll of acquirement {unknown}
Potions
 f - a potion of haste
 i - a potion of mutation
 p - a potion of brilliance {unknown}
 q - a potion of might
 r - a potion of lignification {unknown}
 s - a potion of magic {unknown}
 z - a potion of flight {unknown}
Comestibles
 d - 13 rations


   Skills:
 * Level 7.5 Fighting
 * Level 8.3 Crossbows
 * Level 7.6 Dodging
 + Level 7.2 Stealth


You had 8 spell levels left.
You didn't know any spells.
Your spell library contained the following spells:

 Spells                   Type           Power        Failure   Level  Hunger
 Corona                   Hex            #......      30%         1    ##.....
 Flame Tongue             Conj/Fire      #....        30%         1    ##.....
 Ensorcelled Hibernation  Hex/Ice        #.....       43%         2    ###....
 Throw Flame              Conj/Fire      #.....       43%         2    ###....
 Confuse                  Hex            #.......     67%         3    ####...
 Conjure Flame            Conj/Fire      #.......     67%         3    ####...
 Dazzling Spray           Conj/Hex       #.....       67%         3    ####...
 Inner Flame              Hex/Fire       #.......     67%         3    ####...
 Tukima's Dance           Hex            #.......     67%         3    ####...
 Sticky Flame             Conj/Fire      #.......     97%         4    #####..
 Fireball                 Conj/Fire      #.........   100%        5    ######.


Dungeon Overview and Level Annotations

Branches:
Dungeon (8/15)             Temple (1/1) D:4
   Lair: D:8-11

Altars:
Ashenzari
Cheibriados
Dithmenos
Elyvilon
Fedhas
Gozag
Hepliaklqana
Kikubaaqudgha
Makhleb
Nemelex Xobeh
Okawaru
Qazlal
Ru
Trog
Uskayaw
Vehumet
Wu Jian
Xom
Yredelemnul
Zin
The Shining One

Annotations:
D:3 2 runed translucent doors, buskinjo's ghost, amateur DsNe


Innate Abilities, Weirdness & Mutations

You cannot wear most types of armour.
You are very stealthy in the water. (Stealth+)
You are amphibious.
You can wear up to eight rings at the same time.
You can use your tentacles to constrict eight enemies at once.
Your skin changes colour to match your surroundings (Stealth+).
Your rubbery body absorbs attacks. (AC +1, EV +1)
You expend magic power (3 MP) to strengthen your wands.


Message History

* * * LOW HITPOINT WARNING * * *
* * * LOW HITPOINT WARNING * * *
You feel sick. The killer bee misses you.
You feel your anger nearly subside.
You are no longer berserk.
You are exhausted.
You feel yourself slow down.
* * * LOW HITPOINT WARNING * * *
You feel sick. The killer bee barely misses you.
You feel better. The killer bee completely misses you.
The killer bee stings you.
* * * LOW HITPOINT WARNING * * *
The killer bee closely misses you. The killer bee misses you. x2
The killer bee barely misses you.
You feel better. The killer bee closely misses you. The killer bee stings you.
* * * LOW HITPOINT WARNING * * *
The killer bee misses you. x2; The killer bee closely misses you. x2
The killer bee stings you.
* * * LOW HITPOINT WARNING * * *
The killer bee stings you!
You die...

...... .>.... +......
######..... #......
#........# #......
#........# .......
#........# ......h
#..y@....# .....
#...yy...# .). #........#
#y###....)...#######
#####..#......>###.....#
........'†......#.).....#
#.......#.)....<'.......#
#.......#.))....#.......#
#########.(.....###.....#


You could see 3 killer bees.

Vanquished Creatures
  Pikel (D:7)
  Joseph (D:7)
  Grinder (D:3)
  An ice beast (D:6)
  An orc warrior (D:6)
  A black bear (D:7)
  An ogre (D:7)
  A sky beast (D:6)
  2 slaves (D:7)
  2 centaurs
  A bullfrog (D:6)
  4 scorpions
  2 killer bees (D:8)
  4 wights
  2 crimson imps
  A bullfrog zombie (D:7)
  A jelly (D:6)
  4 orc priests
  7 hounds
  6 worker ants
  An iguana (D:3)
  6 orc wizards
  A hound zombie (D:6)
  A worker ant zombie (D:6)
  3 gnolls (D:6)
  12 adders
  2 shadow imps
  2 oozes
  An adder skeleton (D:6)
  2 worms
  A dart slug (D:1)
  8 leopard geckos
  36 orcs
  2 ball pythons
  11 giant cockroaches
  5 goblins
  6 hobgoblins (D:1)
  2 jackals (D:2)
  2 kobolds
  4 quokkas
  3 bats
  6 frilled lizards
  A goblin skeleton (D:6)
  A goblin zombie (D:6)
  A hobgoblin zombie (D:6)
  A kobold skeleton (D:6)
  2 kobold zombies (D:6)
  A leopard gecko skeleton (D:5)
  An orc skeleton (D:6)
  3 orc zombies (D:6)
  14 rats
186 creatures vanquished.

Vanquished Creatures (others)
  A slave (D:7)
  An adder (D:7)
  A leopard gecko (D:7)
3 creatures vanquished.

Grand Total: 189 creatures vanquished

Notes
Turn   | Place    | Note
-------+----------+-------------------------------------------
     0 | D:1      | HEYYEYAAE the Octopode Hunter began the quest for the Orb.
     0 | D:1      | Reached XP level 1. HP: 14/14 MP: 1/1
    53 | D:1      | Reached XP level 2. HP: 15/19 MP: 2/2
   645 | D:1      | Reached XP level 3. HP: 16/25 MP: 3/3
  1316 | D:2      | Found a snail-covered altar of Cheibriados.
  1567 | D:2      | Reached XP level 4. HP: 26/30 MP: 4/4
  2064 | D:3      | Found a large runed translucent door.
  2108 | D:3      | Reached XP level 5. HP: 24/36 MP: 5/5
  2254 | D:3      | Noticed a +0 dagger
  2255 | D:3      | Noticed a +0 hand axe
  2256 | D:3      | Found a hide-covered altar of Uskayaw.
  2507 | D:3      | Noticed Grinder
  2537 | D:3      | Killed Grinder
  2537 | D:3      | Reached skill level 5 in Crossbows
  2537 | D:3      | Reached XP level 6. HP: 42/43 MP: 6/6
  2603 | D:3      | Found a stormy altar of Qazlal.
  2746 | D:3      | Found a large runed translucent door.
  2748 | D:3      | Noticed buskinjo's ghost (amateur DsNe)
  2979 | D:4      | Found a staircase to the Ecumenical Temple.
  3059 | Temple   | Entered the Ecumenical Temple
  3275 | D:4      | Reached XP level 7. HP: 39/48 MP: 7/7
  3698 | D:4      | Found an iron altar of Okawaru.
  3809 | D:4      | Became a worshipper of Warmaster Okawaru
  3932 | D:5      | Entered Level 5 of the Dungeon
  4530 | D:5      | Found a sparkling altar of Nemelex Xobeh.
  4765 | D:5      | Reached skill level 6 in Crossbows
  4765 | D:5      | Reached skill level 5 in Dodging
  5012 | D:6      | Reached * piety under Okawaru
  5012 | D:6      | Reached XP level 8. HP: 49/54 MP: 8/8
  5015 | D:6      | Reached skill level 5 in Fighting
  5019 | D:6      | Found a glowing golden altar of the Shining One.
  5136 | D:6      | Reached skill level 5 in Stealth
  6171 | D:6      | Reached ** piety under Okawaru
  6442 | D:6      | Reached skill level 7 in Crossbows
  6643 | D:6      | Reached XP level 9. HP: 62/62 MP: 9/9
  7169 | D:7      | Noticed Pikel
  7171 | D:7      | Noticed Joseph
  7184 | D:7      | Killed Pikel
  7184 | D:7      | Reached *** piety under Okawaru
  7193 | D:7      | Killed Joseph
  7193 | D:7      | Reached skill level 8 in Crossbows
  7442 | D:7      | Found an iron altar of Okawaru.
  7809 | D:8      | Noticed a two-headed ogre
  8416 | D:8      | Gained mutation: Scrolls take you a little longer to read.
                  | [potion of mutation]
  8416 | D:8      | Gained mutation: You expend magic power (3 MP) to
                  | strengthen your wands. [potion of mutation]
  8416 | D:8      | Lost mutation: Scrolls take you a little longer to read.
                  | [potion of mutation]
  8423 | D:8      | HP: 4/96 [killer bee (3)]
  8425 | D:8      | HP: 1/64 [poisoned by a killer bee]
  8427 | D:8      | Slain by a killer bee

Skill      XL: |  1  2  3  4  5  6  7  8  9 |
---------------+----------------------------+-----
Stealth        | 2 3 4 5 7 |  7.2
Dodging        | 3 4 5 6 7 |  7.6
Fighting       | 3 4 6 7 |  7.5
Crossbows      | 5 6 7 8 |  8.3

Action                   |  1- 3 |  4- 6 |  7- 9 || total
-------------------------+-------+-------+-------++-------
Melee: Short sword       |    73 |    99 |    20 ||   192
       Constrict         |    19 |    26 |    68 ||   113
       Tentacles         |    15 |    19 |    60 ||    94
       Flail             |       |       |   180 ||   180
       Dagger            |       |       |    65 ||    65
       Punch             |       |       |     1 ||     1
 Fire: Hand crossbow     |    11 |    27 |    14 ||    52
Invok: Heroism           |       |       |     1 ||     1
Evoke: Wand              |       |       |    15 ||    15
  Use: Potion            |       |     1 |     6 ||     7
       Scroll            |       |     3 |     6 ||     9
 Stab: Sleeping          |    13 |     5 |    21 ||    39
       Distracted        |       |     1 |       ||     1
  Eat: Chunk             |     1 |     6 |    10 ||    17
       Ration            |       |       |     2 ||     2
Armor: Skin              |     5 |     2 |    47 ||    54
Dodge: Dodged            |    40 |    96 |   284 ||   420
